 Dungeon Crawl Stone Soup version 0.29.1-1-gd02db6906a (webtiles) character file.

Game seed: 3891764013334675069

1414 KamiKatze the Conjurer (level 8, -15/42 (46) HPs)
             Began as an Octopode Conjurer on Sept 28, 2022.
             Demolished by a wight
             ... wielding a +4 scimitar
              (18 damage)
             ... on level 6 of the Dungeon.
             The game lasted 00:28:27 (6880 turns).

KamiKatze the Conjurer (Octopode Conjurer)          Turns: 6880, Time: 00:28:27

HP:   -15/42 (46)   AC:  1    Str:  6    XL:     8   Next: 71%
MP:   8/16          EV: 13    Int: 22    God:
Gold: 261           SH:  0    Dex: 11    Spells: 7/18 levels left

rFire   . . .      SeeInvis +   a - +1 short sword
rCold   . . .      Faith    .   (no shield)
rNeg    . . .      Spirit   .   (helmet restricted)
rPois   .          Reflect  .   i - amulet of regeneration
rElec   .          Harm     .   k - ring of flight
rCorr   .          Rampage  .   r - ring of see invisible
Will    .....                   (no ring)
Stlth   +++.......              (no ring)
HPRegen 0.94/turn               (no ring)
MPRegen 0.15/turn               (no ring)
                                (no ring)
                                (no ring)

@: flying, drained
A: almost no armour, amphibious, 8 rings, camouflage 1, gelatinous body 1,
(nimble swimmer 1), tentacles
a: no special abilities


You were on level 6 of the Dungeon.
You visited 1 branch of the dungeon, and saw 6 of its levels.
You also visited: Sewer.

You collected 309 gold pieces.
You spent 48 gold pieces at shops.

Inventory:

Hand Weapons
 a - a +1 short sword (weapon)
Missiles
 o - 4 atropa-tipped darts
 s - a throwing net
Jewellery
 i - an amulet of regeneration (around mantle)
 k - a ring of flight (left tentacle)
 m - a ring of fire
 r - a ring of see invisible (right tentacle)
Wands
 t - a wand of polymorph (11)
 v - a wand of flame (23)
Scrolls
 b - 4 scrolls of fear
 d - 3 scrolls of teleportation
 e - 2 scrolls of enchant armour
 f - a scroll of fog
 j - a scroll of acquirement
 w - a scroll of immolation
 y - a scroll of silence
 z - a scroll of amnesia
Potions
 c - a potion of berserk rage
 g - a potion of ambrosia
 h - a potion of cancellation
 l - a potion of lignification
 p - 5 potions of curing
 q - a potion of resistance
 x - 4 potions of might
 A - 2 potions of magic
 B - a potion of heal wounds
Miscellaneous
 n - a box of beasts


   Skills:
 - Level 3.0 Dodging
 - Level 4.0 Stealth
 * Level 5.8 Spellcasting
 + Level 6.0 Conjurations
 + Level 4.1 Hexes
 + Level 4.0 Translocations
 - Level 2.0 Evocations


You had 7 spell levels left.
You knew the following spells:

 Your Spells              Type           Power      Damage    Failure   Level
a - Magic Dart            Conj           100%       1d8       1%          1
b - Searing Ray           Conj           66%        2d6       1%          2
c - Fulminant Prism       Conj/Hex       14%        3d9       12%         4
d - Iskenderun's Mystic   Conj/Tloc      28%        2d7       12%         4

Your spell library contained the following spells:

 Spells                   Type           Power      Damage    Failure   Level
 Foxfire                  Conj/Fire      76%        2x1d7     2%          1
 Dazzling Flash           Conj/Hex       56%        N/A       3%          3
 Conjure Flame            Conj/Fire      19%        6-21      9%          3
 Necrotise                Necr           24%        1d5       10%         1
 Inner Flame              Hex/Fire       15%        N/A       12%         3
 Scorch                   Fire           12%        2d6       14%         2
 Iskenderun's Battlesphe  Conj           33%        2d9       22%         5
 Flame Wave               Conj/Fire      19%        2d7       26%         4
 Vampiric Draining        Necr           6%         2d6       28%         3
 Fireball                 Conj/Fire      9%         3d6       58%         5
 Agony                    Necr           6%         N/A       95%         5
 Blade Hands              Tmut           3%         N/A       95%         5
 Conjure Ball Lightning   Conj/Air       9%         3x3d6     99%         6
 Iron Shot                Conj/Erth      9%         9d3       99%         6
 Summon Cactus Giant      Summ           3%         N/A       100%        6
 Orb of Destruction       Conj           16%        9d7       100%        7
 Animate Armour           Summ/Erth      Unusable   N/A       N/A         4

Dungeon Overview and Level Annotations

Branches:
Dungeon (6/15)              Sewer (visited)
 Temple: D:4-7

Altars:
Ashenzari
Fedhas
Nemelex Xobeh
Ru
Yredelemnul
The Shining One

Shops:
D:5 *

Annotations:
D:4 1 runed translucent door, exclusion: door, Zeus21348's ghost, amateur HOFi
D:5 exclusion: 2 doors


Innate Abilities, Weirdness & Mutations

You cannot wear most types of armour.
You are amphibious.
You can wear up to eight rings at the same time.
Your skin changes colour to match your surroundings (Stealth+).
Your rubbery body absorbs attacks. (AC +1, EV +1)
((You are camouflaged when in or above water. (Stealth+)))
You have tentacles for arms and can constrict up to eight enemies at once.


Message History

Things that are here:
a +3 dagger of freezing; a +0 robe
Casting: Magic Dart (safe; 1% risk of failure)
Confirm with . or Enter, or press ? or * to list all spells.
Aiming: Searing Ray (safe; 1% risk of failure)
Press: ? - help, Shift-Dir - straight line, f/p - wight
Aim: a wight, wielding a +4 scimitar and wearing a +2 robe of the Archmagi (81% to hit)
The searing ray hits the wight but does no damage. (Press . to maintain the ray.)
The searing ray hits the wight.
The wight is moderately damaged.
The searing ray hits the wight but does no damage.
The wight is moderately damaged.
The searing ray hits the wight.
The wight is heavily damaged.
You finish channelling your searing ray.
The wight hits you with a +4 scimitar!
Unknown command.
The wight attacks as you move away! The wight hits you with a +4 scimitar!
You feel drained.
Casting: Searing Ray (safe; 1% risk of failure)
Confirm with . or Enter, or press ? or * to list all spells.
Aiming: Searing Ray (safe; 1% risk of failure)
Press: ? - help, Shift-Dir - straight line, f/p - wight
Aim: a wight, wielding a +4 scimitar and wearing a +2 robe of the Archmagi (heavily damaged, 81% to hit)
The searing ray hits the wight.
The wight is heavily damaged. (Press . to maintain the ray.)
The wight hits you with a +4 scimitar!
* * * LOW HITPOINT WARNING * * *
You feel drained.
* * * LOW HITPOINT WARNING * * *
The searing ray hits the wight.
The wight is severely damaged.
The wight hits you with a +4 scimitar!
* * * LOW HITPOINT WARNING * * *
The searing ray hits the wight.
The wight is severely damaged.
The wight hits you with a +4 scimitar!!
You die...

#... .... #.. z.#
.## #.# ... #.#
#.# #.# #.# ##.#
######.###.####...
#..)..............
#z####......###...
#@# ######## ##.#
#.# #.. #.# ###
#.## #..# ##.# #.#
#.# #.#


You could see a wight.

Vanquished Creatures
  A water moccasin (D:6)
  Pargi (Sewer)
  An orc warrior (D:6)
  An ice beast (D:6)
  A centaur (D:5)
  Blork the orc (D:4)
  A necrophage (D:5)
  6 scorpions
  A wight (D:6)
  An orc priest (D:6)
  A hound (D:4)
  3 iguanas (D:5)
  2 orc wizards (D:6)
  4 gnolls (D:4)
  12 adders
  2 ufetubi (D:5)
  3 dart slugs
  5 orcs
  3 endoplasms
  A giant cockroach (D:2)
  3 goblins
  2 hobgoblins
  6 jackals (D:3)
  6 kobolds
  4 quokkas
  4 ball pythons
  8 bats
  A frilled lizard (D:3)
  7 rats
92 creatures vanquished.

Vanquished Creatures (others)
  9 fulminant prisms
9 creatures vanquished.

Grand Total: 101 creatures vanquished

Notes
Turn   | Place    | Note
-------+----------+-------------------------------------------
     0 | D:1      | KamiKatze the Octopode Conjurer began the quest for the
                  | Orb.
     0 | D:1      | Reached XP level 1. HP: 11/11 MP: 3/3
   208 | D:1      | Reached XP level 2. HP: 17/17 MP: 3/5
   211 | D:1      | Learned a level 2 spell: Searing Ray
  1053 | D:2      | Reached XP level 3. HP: 21/21 MP: 1/6
  1159 | D:2      | Reached skill level 1 in Hexes
  1523 | D:2      | Reached XP level 4. HP: 27/27 MP: 1/8
  1938 | D:3      | Found a blossoming altar of Fedhas.
  1984 | D:3      | Reached skill level 1 in Translocations
  2223 | D:3      | Learned a level 4 spell: Fulminant Prism
  3089 | D:4      | Found a glowing drain.
  3140 | D:4      | Reached XP level 5. HP: 22/31 MP: 4/9
  3339 | Sewer    | Entered a sewer
  3390 | Sewer    | Noticed Pargi
  3414 | Sewer    | Killed Pargi
  3415 | Sewer    | Reached XP level 6. HP: 21/36 MP: 0/11
  3826 | D:4      | Noticed Blork the orc
  4100 | D:4      | Learned a level 4 spell: Iskenderun's Mystic Blast
  4204 | D:4      | Found a sparkling altar of Nemelex Xobeh.
  4267 | D:4      | Found a runed translucent door.
  4267 | D:4      | Noticed Zeus21348's ghost (amateur HOFi)
  4345 | D:4      | Found a glowing golden altar of the Shining One.
  4345 | D:4      | Found a sacrificial altar of Ru.
  4345 | D:4      | Found a basalt altar of Yredelemnul.
  4436 | D:4      | Identified a scroll of acquirement
  4506 | D:5      | Entered Level 5 of the Dungeon
  4515 | D:5      | Reached XP level 7. HP: 13/41 MP: 2/12
  4602 | D:5      | Reached skill level 5 in Conjurations
  4602 | D:5      | Reached skill level 1 in Evocations
  4823 | D:5      | Noticed a steam dragon
  4941 | D:4      | Killed Blork the orc
  5310 | D:5      | Found a broken altar of Ashenzari.
  5674 | D:5      | Reached XP level 8. HP: 40/46 MP: 9/15
  5741 | D:5      | Reached skill level 5 in Spellcasting
  5788 | D:5      | Found Homipeej's General Store.
  5863 | D:5      | Bought a scroll of amnesia for 48 gold pieces
  6831 | D:6      | Reached skill level 6 in Conjurations
  6879 | D:6      | HP: 2/42 [wight/+4 scimitar (10)]
  6880 | D:6      | Demolished by a wight

Illustrated notes

Levels and vault maps discovered:
D:1:      eino_arrival_water_cross, layout_basic
D:2:      layout_basic, dreamdust_wishing_well, kennysheep_cross_room
D:3:      layout_loops_corners, mainiacjoe_overflow_cross_hatched,
          grunt_ministairs_15
D:4:      layout_basic, gammafunk_temple_overflow_forgotten,
          nemelex_diamond_rough_becter, ebering_ghost_reflecting_pool,
          gup_sewer_entry_glass, corexii_mini_fake_secret_closet,
          uniq_blork_the_orc
D:5:      layout_gridville, nicolae_ashenzari_panopticon, serial_shops, shop
D:6:      layout_loops_ring

Skill      XL: |  1  2  3  4  5  6  7  8 |
---------------+-------------------------+-----
Stealth        | 3 4 |  4.0
Hexes          | 1 2 3 4 |  4.1
Translocations | 1 2 3 4 |  4.0
Spellcasting   | 3 4 5 |  5.8
Dodging        | 3 |  3.0
Conjurations   | 5 6 |  6.0
Evocations     | 2 |  2.0

Action                   |  1- 3 |  4- 6 |  7- 9 || total
-------------------------+-------+-------+-------++-------
Melee: Dagger            |    14 |     3 |       ||    17
       Constrict         |     2 |     5 |     1 ||     8
       Tentacles         |     1 |     3 |     3 ||     7
       Short sword       |       |    28 |    12 ||    40
       Punch             |       |     1 |       ||     1
 Cast: Magic Dart        |    47 |    43 |    26 ||   116
       Searing Ray       |       |    17 |    24 ||    41
       Fulminant Prism   |       |       |     9 ||     9
       Iskenderun's Myst |       |       |     1 ||     1
Evoke: Wand              |       |       |     2 ||     2
  Use: Scroll            |     3 |    11 |     6 ||    20
       Potion            |       |     1 |     1 ||     2
 Stab: Sleeping          |     2 |     1 |     2 ||     5
Armor: Skin              |     2 |    31 |     1 ||    34
Dodge: Dodged            |    12 |    51 |    30 ||    93
